 Dungeon Crawl Stone Soup version 0.22-b1-26-g9dbaab1 (webtiles) character file.

120248 letownia2 the Brawler (level 16, -1/124 HPs)
             Began as a Demonspawn Transmuter on Aug 8, 2018.
             Was the Champion of Cheibriados.
             Slain by a tentacle (11 damage)
             ... attached to a kraken
             ... on level 4 of the Shoals.
             The game lasted 01:50:15 (14003 turns).

letownia2 the Brawler (Demonspawn Transmuter)      Turns: 14003, Time: 01:50:16

Health: -1/124     AC: 24    Str: 28    XL:     16   Next: 29%
Magic:  27/27      EV: 15    Int: 31    God:    Cheibriados [******]
Gold:   1279       SH:  0    Dex: 37    Spells: 2/29 levels left

rFire    + + +     SeeInvis .     - Unarmed
rCold    + . .     Gourm    .   (shield currently unavailable)
rNeg     + . .     Faith    .   X - +2 plate armour "Waroaqamei" {rElec rF+++ Int-2 Dex+4}
rPois    +         Spirit   .   Y - +2 helmet of Qazlal's Displeasure {rN+ Str-4 Dex+3}
rElec    +         Reflect  .   r - +1 cloak
rCorr    .         Harm     .   (gloves currently unavailable)
MR       +....                  (boots unavailable)
Stlth    ..........             (no amulet)
HPRegen  2.30/turn              z - ring "Lacetime" {rC+ Int+4}
MPRegen  0.20/turn              w - ring of poison resistance

@: blade hands, very slow
A: hooves 3, slimy green scales 2, powered by death 2, powered by pain 2
a: End Transformation, Bend Time, Temporal Distortion, Slouch, Step From Time,
Renounce Religion


You were on level 4 of the Shoals.
You worshipped Cheibriados.
Cheibriados was exalted by your worship.
You were not hungry.
You had blades for hands.
You visited 4 branches of the dungeon, and saw 27 of its levels.
You also visited: Labyrinth, Bailey, Ice Cave and Volcano.

You collected 2290 gold pieces.
You spent 1011 gold pieces at shops.

Inventory:

Hand Weapons
 b - the +4 short sword "Fifao" {protect, rPois rN+}
   (You found it on level 4 of the Dungeon)

   It protects the one who uses it against injury (+AC on strike).
   It protects you from poison.
   It protects you from negative energy.
 c - a +0 blowgun
Missiles
 h - 25 curare-tipped needles
 s - 10 javelins
 E - a throwing net
 H - 2 tomahawks of dispersal
 R - 12 javelins of penetration
 U - 6 steel javelins (quivered)
Armour
 k - a +2 pair of gloves of strength (melded)
 r - a +1 cloak (worn)
 x - a +1 hat of see invisible
 y - a +3 chain mail of magic resistance
 B - a +3 chain mail of fire resistance
 V - the +0 shield of Winter {rN+ Str+2 Int+4 Stlth+}
   (You found it on level 15 of the Dungeon)

   It affects your strength (+2).
   It affects your intelligence (+4).
   It protects you from negative energy.
   It makes you more stealthy.
 X - the +2 plate armour "Waroaqamei" (worn) {rElec rF+++ Int-2 Dex+4}
   (You took it off a minotaur in a labyrinth)

   It affects your intelligence (-2).
   It affects your dexterity (+4).
   It renders you almost immune to fire.
   It insulates you from electricity.
 Y - the +2 helmet of Qazlal's Displeasure (worn) {rN+ Str-4 Dex+3}
   (You found it in a labyrinth)

   It affects your strength (-4).
   It affects your dexterity (+3).
   It protects you from negative energy.
Magical Staves
 T - an uncursed staff of death {unknown}
Jewellery
 p - a +3 ring of protection
 w - a ring of poison resistance (right scythe-like blade)
 z - the ring "Lacetime" (left scythe-like blade) {rC+ Int+4}
   (You took it off a minotaur in a labyrinth)

   [ring of protection from cold]

   It affects your intelligence (+4).
   It protects you from cold.
 D - an uncursed ring of resist corrosion
 Z - an uncursed ring of positive energy
Wands
 d - a wand of digging (7)
 t - a wand of paralysis (15)
 J - a wand of flame (23)
 N - a wand of enslavement (13)
 P - a wand of disintegration (35)
Scrolls
 e - 5 scrolls of amnesia
 f - 8 scrolls of remove curse
 n - 4 scrolls of noise
 v - 3 scrolls of teleportation
 A - a scroll of blinking
 F - a scroll of magic mapping
 G - 2 scrolls of immolation
 M - a scroll of silence
 S - 2 scrolls of identify
 W - a scroll of fog
Potions
 a - a potion of magic
 g - 6 potions of might
 i - a potion of haste
 j - 4 potions of brilliance
 o - 4 potions of heal wounds
 q - 4 potions of berserk rage
 u - 2 potions of resistance
 C - a potion of flight
 I - 2 potions of lignification
 K - 2 potions of ambrosia
 L - a potion of mutation
 O - 4 potions of agility
 Q - a potion of curing
Miscellaneous
 m - a phial of floods
Comestibles
 l - 31 rations


   Skills:
 - Level 10.6 Fighting
 - Level 8.1 Armour
 - Level 7.1 Dodging
 - Level 1.2 Shields
 + Level 17.4 Unarmed Combat
 - Level 7.3 Spellcasting
 - Level 3.3 Conjurations
 - Level 2.3 Hexes
 - Level 4.1 Translocations
 - Level 10.4 Transmutations
 - Level 2.3 Ice Magic
 - Level 3.0 Air Magic
 - Level 2.0 Poison Magic
 - Level 6.0 Invocations


You had 2 spell levels left.
You knew the following spells:

 Your Spells              Type           Power        Failure   Level  Hunger
b - Blink                 Tloc           N/A          47%         2    None
d - Confusing Touch       Hex            ####..       56%         1    None
e - Mephitic Cloud        Conj/Pois/Air  ####....     78%         3    None
i - Ice Form              Ice/Tmut       ######..     71%         4    ##.....
k - Blade Hands           Tmut           ######....   56%         5    ####...
l - Sticks to Snakes      Tmut           ######..     14%         2    None
p - Spider Form           Tmut/Pois      #####.....   43%         3    None
s - Animate Skeleton      Necr           N/A          78%         1    None
t - Shroud of Golubria    Chrm/Tloc      ###.......   69%         2    None
v - Poisonous Vapours     Pois/Air       ####..       63%         2    None
w - Passwall              Tmut/Erth      #####...     38%         2    None

Your spell library contained the following spells:

 Spells                   Type           Power        Failure   Level  Hunger
 Apportation              Tloc           #####.       38%         1    None
 Venom Bolt               Conj/Pois      ####......   100%        5    ####...
 Olgreb's Toxic Radiance  Pois           ###.....     99%         4    ##.....
 Teleport Other           Tloc           #####...     65%         3    None
 Summon Small Mammal      Summ           ##..         78%         1    None
 Sting                    Conj/Pois      ####         52%         1    None
 Stone Arrow              Conj/Erth      ###...       87%         3    None
 Lee's Rapid Deconstruct  Erth           ##........   100%        5    ####...
 Sandblast                Erth           ##....       78%         1    None
 Petrify                  Tmut/Erth      #####...     82%         4    ##.....
 Passage of Golubria      Tloc           N/A          90%         4    ##.....
 Beastly Appendage        Tmut           ######       12%         1    None
 Gell's Gravitas          Tloc           #####.....   65%         3    None
 Lesser Beckoning         Tloc           #####.....   65%         3    None


Dungeon Overview and Level Annotations

Branches:
Dungeon (15/15)              Lair (6/6) D:9          Shoals (4/4) Lair:4
  Slime (0/5) Lair:6          Orc (2/2) D:10            Elf (0/3) Orc:2
 Vaults (0/5) D:13
 Temple: D:4-7        Snake: Lair:2-4    Spider: Lair:2-4    Depths: D:15

Altars:
Cheibriados
Dithmenos
Fedhas
Gozag
Makhleb
Okawaru
Qazlal
Ru
Sif Muna
Trog
Uskayaw
Xom
Yredelemnul
Zin
Jiyva

Shops:
D:10 }   D:11 }*   Orc:2 %?*(   Shoals:1 [?


Innate Abilities, Weirdness & Mutations

You have hooves in place of feet.
You are mostly covered in slimy green scales. (AC +3)
You regenerate health from kills.
You sometimes gain power by taking damage.


Message History

The tentacle slaps you but does no damage.
The merfolk hits you but does no damage.
Unknown command.
You shred the merfolk!!!
You kill the merfolk!
Cheibriados appreciates the change of pace.
The tentacle barely misses you. The tentacle slaps you. x2
Unknown command.
Unknown command.
You slice the tentacle!! You kick the tentacle!
The tentacle is severely wounded.
The tentacle slaps you! The tentacle slaps you!!
* * * LOW HITPOINT WARNING * * *
The tentacle slaps you but does no damage.
A tentacle segment bursts forth from the water. x2
The tentacle slaps you!!
* * * LOW HITPOINT WARNING * * *
The tentacle slaps you but does no damage.
The tentacle slaps you!
You die...

≈≈≈≈≈≈.###..≈≈m≈≈≈≈≈≈≈≈≈≈
≈≈≈≈≈≈.......≈≈≈≈≈≈≈≈≈≈≈≈
≈≈≈≈≈≈≈......≈≈≈≈≈≈≈≈≈≈≈≈ .
≈≈≈≈≈≈≈≈....≈≈≈#####≈≈≈≈S
..≈≈≈≈≈......≈≈≈##≈≈≈##≈≈≈≈
..≈≈≈≈.......≈≈≈#≈≈≈mm#≈≈m≈
.≈≈≈≈.###).###..#≈≈φmHm≈≈≈≈
[≈≈≈≈ #.)###..#m #mm≈≈
.≈≈≈..###.@w##..## ##≈§≈≈
≈≈≈≈≈.....ww\..)≈#####≈≈§≈≈
≈≈≈≈≈≈..<≈││.*.≈≈≈≈≈≈≈≈≈§≈≈
≈≈≈≈≈≈≈.≈)w*≈≈≈≈≈≈≈≈≈≈≈≈≈≈≈
≈≈≈≈≈≈≈≈≈≈≈≈≈≈≈≈≈≈≈≈≈≈≈≈≈≈≈
≈≈≈≈≈≈≈≈≈.≈≈≈≈≈≈≈≈≈≈≈≈≈≈≈≈≈
≈≈≈≈≈≈≈≈≈≈≈≈≈≈≈≈≈≈≈≈≈≈≈≈≈≈≈
≈≈≈≈≈≈≈≈≈≈≈≈≈≈X≈≈≈≈≈≈≈≈≈≈≈≈
≈≈≈≈≈≈≈≈≈≈≈≈≈≈≈≈≈≈≈≈≈≈≈≈≈≈≈


You could see a kraken and 4 tentacles.

Vanquished Creatures
  Kirke (D:15)
  Ilsuiw (Shoals:2)
  An orc warlord (Orc:1)
  Louise (D:15)
  The ghost of Lugribb the Earth Mage, a journeyman DEEE of Sif Muna (Lair:5)
  A dire elephant (Lair:6)
  A minotaur (Lab)
  2 merfolk javelineers
  An ettin (Orc:2)
  Fannar (Lair:2)
  2 merfolk impalers
  A vault guard (D:13)
  3 hydras
  3 merfolk avatars
  A catoblepas (Lair:6)
  3 satyrs (Shoals:3)
  2 merfolk aquamancers
  A deep troll shaman (Lair:6)
  A centaur warrior (D:13)
  2 two-headed ogres
  6 death yaks (Lair:6)
  Urug (Lair:2)
  3 orc high priests (Orc:2)
  3 tengu warriors
  Sonja (Lair:4)
  Nergalle (Lair:3)
  2 skeletal warriors (Volcano)
  3 slime creatures (D:12)
  3 unseen horrors
  A flayed ghost (D:10)
  7 sea snakes
  2 anaconda skeletons (Volcano)
  A wizard (D:13)
  14 harpies
  7 orc knights
  3 orc sorcerers (Orc:2)
  3 deep elf magi
  An oklob plant (Lair:6)
  6 cyclopes
  4 manticores
  5 fauns
  3 ugly things
  2 ice statues (IceCv)
  A centaur zombie (D:10)
  5 water nymphs
  A black mamba (Lair:6)
  11 merfolk sirens
  19 elephants
  10 spiny frogs
  4 gargoyles
  4 kobold demonologists
  A rime drake (Lair:4)
  An efreet (D:13)
  6 komodo dragons
  A freezing wraith (D:13)
  A merfolk (shapeshifter) (D:13)
  4 trolls
  13 merfolk
  2 hornets
  3 meliai (Lair:6)
  2 tengu conjurers (D:13)
  A queen bee (Lair:6)
  2 wind drakes
  A polar bear (Lair:6)
  A blink frog (shapeshifter) (D:13)
  13 dream sheep
  10 hippogriffs
  2 flying skulls (Volcano)
  10 snapping turtles
  5 wyverns
  6 water elementals
  2 spriggans
  An alligator skeleton (Volcano)
  Eustachio (D:6)
  6 fire bats
  A hog (D:15)
  6 wraiths
  A basilisk (Lair:5)
  17 yaks
  23 humans
  2 hungry ghosts
  2 vampire mosquitoes (D:15)
  2 wargs
  A soldier ant (D:15)
  7 water moccasins
  2 acid dragons
  Duvessa (D:7)
  33 orc warriors
  3 sky beasts
  11 porcupines
  5 black bears
  2 hornet zombies
  An eye of draining (D:13)
  12 ogres
  5 necrophages
  8 ice beasts
  24 centaurs
  17 wolves
  15 crocodiles
  6 big kobolds
  9 bullfrogs
  Dowan (D:6)
  4 scorpions
  31 killer bees
  3 howler monkeys
  A spriggan skeleton (Volcano)
  2 vampire bats (Lair:1)
  8 electric eels
  5 crimson imps
  2 bullfrog zombies
  11 orc priests
  4 jellies
  21 orc wizards
  3 bullfrog skeletons
  4 hounds
  Ijyb (D:3)
  3 iguanas
  2 hell rats (D:7)
  7 worker ants
  A naga skeleton (Volcano)
  A mummy (D:8)
  3 hound skeletons
  2 worker ant zombies
  A howler monkey skeleton (D:5)
  3 gnolls (Bailey)
  6 river rats (D:7)
  5 adders
  A shadow imp (D:15)
  3 oozes (Lair:6)
  2 adder skeletons (D:4)
  A dart slug (D:3)
  2 worms
  5 leopard geckos
  81 orcs
  2 ball pythons
  2 giant cockroaches
  16 hobgoblins
  3 jackals (D:6)
  12 quokkas
  37 bats
  3 frilled lizards
  17 goblins
  20 kobolds
  25 rats
  A bush (Lair:6)
  A butterfly (Lair:4)
  A plant (Lair:6)
848 creatures vanquished.

Vanquished Creatures (collateral kills)
  A water moccasin (D:7)
  An ogre (D:5)
  A killer bee (D:8)
  An orc wizard (D:3)
  An orc (D:4)
5 creatures vanquished.

Vanquished Creatures (others)
  A flying skull (Volcano)
  A steam dragon (D:15)
  An orc wizard (Orc:2)
  An orc (Bailey)
  39 fungi
  27 plants
70 creatures vanquished.

Grand Total: 923 creatures vanquished

Notes
Turn   | Place    | Note
-------+----------+-------------------------------------------
     0 | D:1      | letownia2 the Demonspawn Transmuter began the quest for the Orb.
     0 | D:1      | Reached XP level 1. HP: 15/15 MP: 3/3
   160 | D:1      | Reached skill level 3 in Unarmed Combat
   401 | D:2      | Found a faded altar of an unknown god.
   413 | D:2      | Gained mutation: You regenerate a little health from kills. [demonic ancestry]
   413 | D:2      | Reached XP level 2. HP: 21/21 MP: 1/5
   516 | D:2      | Learned a level 2 spell: Sticks to Snakes
   546 | D:3      | Gained mutation: You are partially covered in slimy green scales. (AC +2) [demonic ancestry]
   546 | D:3      | Reached XP level 3. HP: 25/26 MP: 4/6
   650 | D:4      | Found a glowing silver altar of Zin.
   824 | D:3      | Learned a level 3 spell: Spider Form
   875 | D:3      | Noticed Ijyb
   889 | D:3      | Killed Ijyb
   889 | D:3      | Reached skill level 1 in Armour
   889 | D:3      | Gained mutation: You regenerate health from kills. [demonic ancestry]
   889 | D:3      | Reached XP level 4. HP: 34/34 MP: 5/7
   995 | D:4      | Gained mutation: You have large cloven feet. [demonic ancestry]
   995 | D:4      | Reached XP level 5. HP: 39/39 MP: 5/8
  1132 | D:5      | Entered Level 5 of the Dungeon
  1179 | D:4      | Got a fine short sword
  1201 | D:4      | Identified the +4 short sword "Fifao" {protect, rPois rN+} (You found it on level 4 of the Dungeon)
  1326 | D:5      | Reached skill level 1 in Poison Magic
  1522 | D:5      | Gained mutation: You are mostly covered in slimy green scales. (AC +3) [demonic ancestry]
  1522 | D:5      | Reached XP level 6. HP: 46/46 MP: 9/9
  1525 | D:5      | Found a stormy altar of Qazlal.
  1532 | D:5      | Found an iron altar of Okawaru.
  1532 | D:5      | Found a snail-covered altar of Cheibriados.
  1532 | D:5      | Found a blossoming altar of Fedhas.
  1532 | D:5      | Found a basalt altar of Yredelemnul.
  1547 | D:5      | Became a worshipper of Cheibriados the Contemplative
  1552 | D:5      | Found a hide-covered altar of Uskayaw.
  1552 | D:5      | Found a sacrificial altar of Ru.
  1669 | D:5      | Reached skill level 4 in Unarmed Combat
  1841 | D:6      | Gained mutation: You sometimes gain a little power by taking damage. [demonic ancestry]
  1841 | D:6      | Reached XP level 7. HP: 44/54 MP: 7/10
  1860 | D:6      | Reached skill level 5 in Unarmed Combat
  1873 | D:6      | Reached * piety under Cheibriados
  1897 | D:7      | Noticed a hungry ghost
  1949 | D:6      | Paralysed by fainting for 6 turns
  1966 | D:6      | Killed a hungry ghost
  1966 | D:6      | Reached skill level 6 in Unarmed Combat
  1998 | D:7      | Noticed Duvessa
  2006 | D:7      | Noticed Dowan
  2022 | D:6      | Gained mutation: You have hoof-like feet. [demonic ancestry]
  2022 | D:6      | Reached XP level 8. HP: 39/60 MP: 11/11
  2063 | D:6      | Reached skill level 7 in Unarmed Combat
  2315 | D:6      | Noticed Eustachio
  2347 | D:6      | Killed Eustachio
  2676 | D:5      | You fall through a shaft for 3 floors!
  2709 | D:8      | Found a snail-covered altar of Cheibriados.
  2742 | D:7      | Reached ** piety under Cheibriados
  2748 | D:7      | Reached skill level 1 in Invocations
  2783 | D:7      | Reached skill level 8 in Unarmed Combat
  2796 | D:7      | Reached *** piety under Cheibriados
  3048 | D:7      | Killed an unseen horror
  3048 | D:7      | Reached XP level 9. HP: 38/65 MP: 12/12
  3076 | D:7      | Found a deep blue altar of Sif Muna.
  3220 | D:7      | Reached skill level 9 in Unarmed Combat
  3421 | D:7      | Killed Duvessa
  3537 | D:6      | Killed Dowan
  3551 | D:7      | Reached **** piety under Cheibriados
  3551 | D:7      | Reached skill level 5 in Invocations
  3597 | D:7      | Reached skill level 10 in Unarmed Combat
  3684 | D:8      | Reached XP level 10. HP: 69/71 MP: 13/13
  3780 | D:9      | Reached skill level 11 in Unarmed Combat
  3804 | D:9      | Reached ***** piety under Cheibriados
  3958 | D:9      | Reached skill level 12 in Unarmed Combat
  3983 | D:9      | Found a staircase to the Lair.
  4054 | D:9      | Found a bloodstained altar of Trog.
  4134 | D:10     | Entered Level 10 of the Dungeon
  4187 | D:10     | Found a flagged portal.
  4192 | Bailey   | Entered a bailey
  4267 | Bailey   | Noticed an orc knight
  4271 | Bailey   | Reached skill level 5 in Dodging
  4279 | Bailey   | Killed an orc knight
  4279 | Bailey   | Reached XP level 11. HP: 62/78 MP: 14/14
  4286 | Bailey   | Found an iron altar of Okawaru.
  4406 | Bailey   | Reached ****** piety under Cheibriados
  4406 | Bailey   | Noticed an orc knight
  4433 | Bailey   | Killed an orc knight
  4433 | Bailey   | Reached skill level 5 in Fighting
  4477 | Bailey   | Noticed an orc knight
  4484 | Bailey   | Killed an orc knight
  4576 | Bailey   | Got a shimmering lajatang {slice}
  4638 | Bailey   | Got a twisted war axe
  4673 | D:10     | Killed an unseen horror
  4692 | D:10     | Found a staircase to the Orcish Mines.
  4751 | Orc:1    | Entered Level 1 of the Orcish Mines
  4774 | Orc:1    | Identified the +2 war axe of Forced Transition {venom, Dex+2} (You found it in a bailey)
  4777 | Orc:1    | Identified the cursed +0 lajatang of Psychosis {slice, Str+4 Int+4 Dex+4} (You took it off a goblin in a bailey)
  4893 | Orc:2    | Entered Level 2 of the Orcish Mines
  4893 | Orc:2    | Noticed an ettin
  4957 | D:10     | Found a snail-covered altar of Cheibriados.
  4983 | D:10     | Found a runed door.
  4987 | D:10     | Found a snail-covered altar of Cheibriados.
  5022 | D:10     | Found a burning altar of Makhleb.
  5060 | D:10     | Found a shadowy altar of Dithmenos.
  5095 | D:10     | Found a shimmering altar of Xom.
  5110 | D:10     | Noticed a flayed ghost
  5117 | D:10     | Killed a flayed ghost
  5129 | D:10     | Learned a level 1 spell: Confusing Touch
  5131 | D:10     | Learned a level 1 spell: Animate Skeleton
  5138 | D:10     | Found an opulent altar of Gozag.
  5185 | D:10     | Found Cogh's Gadget Shoppe.
  5298 | D:10     | Got a dazzling great sword
  5299 | D:10     | Identified the +9 great sword of Vutin {freeze, rElec rPois Str+2} (You found it on level 10 of the Dungeon)
  5317 | D:10     | Learned a level 4 spell: Ice Form
  5340 | Lair:1   | Entered Level 1 of the Lair of Beasts
  5386 | Lair:1   | Reached skill level 1 in Ice Magic
  5395 | Lair:1   | Reached skill level 5 in Transmutations
  5400 | Lair:1   | Found a dark tunnel.
  5532 | Volcano  | Entered a volcano
  5598 | Volcano  | Reached skill level 1 in Hexes
  5616 | Volcano  | Noticed a skeletal warrior
  5622 | Volcano  | Killed a skeletal warrior
  5622 | Volcano  | Gained mutation: You sometimes gain power by taking damage. [demonic ancestry]
  5622 | Volcano  | Reached XP level 12. HP: 35/89 MP: 17/17
  5638 | Volcano  | Learned a level 5 spell: Blade Hands
  5986 | Volcano  | Reached skill level 5 in Spellcasting
  6153 | Lair:2   | Noticed Urug
  6256 | Lair:2   | Noticed Fannar
  6290 | Lair:2   | Killed Fannar
  6373 | Lair:2   | Killed Urug
  6471 | Lair:3   | Reached skill level 13 in Unarmed Combat
  6501 | Lair:3   | Noticed Nergalle
  6513 | Lair:3   | Killed Nergalle
  6517 | Lair:3   | Found a labyrinth entrance.
  6526 | Lab      | Entered a labyrinth
  6991 | Lab      | Noticed a minotaur
  6995 | Lab      | Killed a minotaur
  6998 | Lab      | Got a sparkling jade ring
  6999 | Lab      | Got a distressingly furry plate armour
  7006 | Lab      | Got a translucent helmet
  7022 | Lab      | Identified the +2 plate armour "Waroaqamei" {rElec rF+++ Int-2 Dex+4} (You took it off a minotaur in a labyrinth)
  7027 | Lab      | Identified the +2 helmet of Qazlal's Displeasure {rN+ Str-4 Dex+3} (You found it in a labyrinth)
  7059 | Lair:3   | Identified the ring "Lacetime" {rC+ Int+4} (You took it off a minotaur in a labyrinth)
  7080 | Lair:3   | Noticed a six-headed hydra
  7089 | Lair:3   | Killed a six-headed hydra
  7171 | Lair:3   | Reached skill level 5 in Armour
  7293 | Lair:4   | Noticed a seven-headed hydra
  7304 | Lair:4   | Killed a seven-headed hydra
  7352 | Lair:4   | Reached XP level 13. HP: 37/94 MP: 21/21
  7409 | Lair:4   | Noticed Sonja
  7414 | Lair:4   | Killed Sonja
  7557 | Lair:4   | Found a staircase to the Shoals.
  7683 | Orc:2    | Killed an ettin
  7863 | Orc:1    | Noticed an orc warlord
  7891 | Orc:1    | Killed an orc warlord
  8101 | Orc:2    | Reached skill level 10 in Transmutations
  8113 | Orc:2    | Paralysed by an orc sorcerer for 5 turns
  8168 | Orc:2    | Learned a level 3 spell: Mephitic Cloud
  8171 | Orc:2    | Learned a level 2 spell: Passwall
  8358 | Orc:2    | Found a staircase to the Elven Halls.
  8515 | Orc:2    | Found Haarin's Magic Scroll Emporium.
  8515 | Orc:2    | Found Ungoixun's Food Boutique.
  8526 | Orc:2    | Reached skill level 1 in Conjurations
  8526 | Orc:2    | Reached skill level 1 in Air Magic
  8527 | Orc:2    | Found Baypp's Antique Weapon Emporium.
  8527 | Orc:2    | Found Wiqen's Assorted Antiques.
  8543 | Orc:2    | Bought a scroll of acquirement for 832 gold pieces
  8619 | D:10     | Learned a level 2 spell: Poisonous Vapours
  8676 | D:11     | Found Tiavvutu's Assorted Antiques.
  8729 | D:11     | Bought a scroll labeled IFIKI XUERROA for 33 gold pieces
  8729 | D:11     | Bought a dark potion for 29 gold pieces
  8729 | D:11     | Bought 2 scrolls labeled IFIKI XUERROA for 66 gold pieces
  8754 | D:11     | Found Oleigo's Gadget Shoppe.
  8926 | D:12     | Got a steaming flail {drain}
  9253 | D:13     | Reached XP level 14. HP: 99/101 MP: 23/23
  9301 | D:14     | Identified the +6 flail of Infinity {drain, +Fly MR- Str+3 SInv} (You took it off a deep elf mage on level 12 of the Dungeon)
  9406 | D:14     | Found a frozen archway.
  9440 | IceCv    | Entered an ice cave
  9457 | IceCv    | Found a transporter.
  9552 | IceCv    | Found a transporter.
  9796 | IceCv    | Reached skill level 1 in Shields
  9857 | D:15     | Entered Level 15 of the Dungeon
 10007 | D:15     | Got a twisted shield
 10016 | D:15     | Identified the +0 shield of Winter {rN+ Str+2 Int+4 Stlth+} (You found it on level 15 of the Dungeon)
 10343 | D:15     | Noticed Kirke
 10362 | D:15     | Killed Kirke
 10362 | D:15     | Reached skill level 14 in Unarmed Combat
 10406 | D:15     | Noticed Louise
 10422 | D:15     | Killed Louise
 10703 | D:13     | Found a gate to the Vaults.
 10790 | D:13     | Reached skill level 15 in Unarmed Combat
 11092 | Shoals:1 | Entered Level 1 of the Shoals
 11095 | Shoals:1 | Found Kaarup's Magic Scroll Shop.
 11108 | Shoals:1 | Bought a scroll of teleportation for 51 gold pieces
 11110 | Shoals:1 | Found Ycwoone's Antique Armour Shoppe.
 11175 | Shoals:1 | HP: 4/101 [faun/stone (11)]
 11459 | Shoals:2 | Gained mutation: You have hooves in place of feet. [demonic ancestry]
 11459 | Shoals:2 | Reached XP level 15. HP: 76/108 MP: 26/26
 11512 | Shoals:2 | Got a pair of smoking gloves
 11535 | Shoals:2 | Identified the -1 pair of gloves "Kaudir Hoed" {Int+3} (You acquired it on level 2 of the Shoals)
 11665 | Shoals:2 | Noticed Ilsuiw
 11706 | Shoals:2 | Killed Ilsuiw
 11766 | Shoals:3 | Reached skill level 10 in Fighting
 12317 | Shoals:4 | Entered Level 4 of the Shoals
 12451 | Shoals:3 | Reached skill level 16 in Unarmed Combat
 12743 | Lair:5   | Found a runed gate.
 12746 | Lair:5   | Found a runed gate.
 12747 | Lair:5   | Found a runed gate.
 12748 | Lair:5   | Noticed Lugribb's ghost (journeyman DEEE)
 12766 | Lair:5   | Killed Lugribb's ghost
 12804 | Lair:6   | Entered Level 6 of the Lair of Beasts
 12835 | Lair:6   | Found a viscous altar of Jiyva.
 12836 | Lair:6   | Found a runed door.
 12837 | Lair:6   | Found a staircase to the Slime Pits.
 12992 | Lair:6   | Learned a level 2 spell: Blink
 12995 | Lair:6   | Learned a level 2 spell: Shroud of Golubria
 13143 | Lair:6   | Reached skill level 17 in Unarmed Combat
 13318 | Lair:6   | Reached XP level 16. HP: 123/124 MP: 27/27
 13378 | Lair:6   | Reached skill level 1 in Translocations
 13908 | Shoals:4 | Noticed a kraken
 14003 | Shoals:4 | Slain by a tentacle

Skill      XL: |  1  2  3  4  5  6  7  8  9 10 11 12 13 14 15 16 |
---------------+-------------------------------------------------+-----
Unarmed Combat | 3 4 6 8 10 12 13 15 17 | 17.4
Fighting       | 2 4 6 7 10 | 10.6
Armour         | 1 2 3 5 7 8 |  8.1
Transmutations | 2 4 5 8 10 | 10.4
Poison Magic   | 2 |  2.0
Dodging        | 2 5 7 |  7.1
Invocations    | 4 5 6 |  6.0
Ice Magic      | 2 |  2.3
Hexes          | 2 |  2.3
Spellcasting   | 3 5 6 7 |  7.3
Conjurations   | 3 |  3.3
Air Magic      | 3 |  3.0
Shields        | 1 |  1.2
Translocations | 4 |  4.1

Action                   |  1- 3 |  4- 6 |  7- 9 | 10-12 | 13-15 | 16-18 || total
-------------------------+-------+-------+-------+-------+-------+-------++-------
Melee: Unarmed           |    71 |       |    33 |   636 |  1209 |   116 ||  2065
       Headbutt          |     7 |       |     8 |    16 |       |       ||    31
       Kick              |     2 |    17 |   145 |   344 |   665 |    66 ||  1239
       Punch             |     3 |     2 |    18 |    62 |   125 |     9 ||   219
       Dagger            |    47 |    32 |   121 |       |       |       ||   200
       Short sword       |       |    65 |   240 |    26 |       |       ||   331
Throw: Javelin           |       |       |     3 |     2 |     4 |       ||     9
       Tomahawk          |       |       |       |     5 |       |       ||     5
 Cast: Beastly Appendage |    15 |     1 |     4 |     7 |       |       ||    27
       Sticks to Snakes  |     1 |     6 |     9 |       |       |       ||    16
       Confusing Touch   |       |       |       |     3 |       |       ||     3
       Blade Hands       |       |       |       |     1 |     9 |     7 ||    17
       Mephitic Cloud    |       |       |       |       |     3 |     2 ||     5
       Poisonous Vapours |       |       |       |       |     1 |       ||     1
       Shroud of Golubri |       |       |       |       |       |     1 ||     1
Invok: Bend Time         |       |       |       |     2 |       |       ||     2
       Slouch            |       |       |       |     2 |    15 |     3 ||    20
       Temporal Distorti |       |       |       |       |     1 |       ||     1
 Abil: End Transformatio |       |       |       |       |       |     2 ||     2
Evoke: Wand              |       |     5 |       |     8 |    19 |    10 ||    42
       Phial of floods   |       |       |       |       |     1 |       ||     1
  Use: Potion            |     1 |       |       |     4 |    10 |       ||    15
       Scroll            |       |     2 |     4 |    12 |    22 |     1 ||    41
 Stab: Distracted        |     1 |       |       |       |     1 |       ||     2
       Confused          |       |     3 |       |     3 |     6 |       ||    12
       Invisible         |       |       |       |     1 |       |       ||     1
       Paralysed         |       |       |       |       |     2 |       ||     2
  Eat: Chunk             |       |     4 |     8 |     7 |    11 |     3 ||    33
       Ration            |       |       |     2 |     1 |     2 |       ||     5
Armor: Ring mail         |    32 |    25 |   108 |       |       |       ||   165
       Robe              |     1 |       |       |       |       |       ||     1
       Scale mail        |       |       |   122 |   175 |    36 |       ||   333
       Plate armour      |       |       |       |    88 |   752 |   113 ||   953
       Chain mail        |       |       |       |    45 |       |       ||    45
       Skin              |       |       |       |       |    10 |       ||    10
Dodge: Dodged            |    51 |    44 |   218 |   561 |  1185 |   120 ||  2179
Block: Shield            |       |       |       |       |     6 |       ||     6
